 Dungeon Crawl Stone Soup version 0.31-a0-231-g51bb95cda3 (webtiles) character file.

Game seed: 15634279019673143443

4830 qw the Skirmisher (level 10, -9/65 HPs)
             Began as a Gargoyle Hexslinger on July 6, 2023.
             Was a Follower of Okawaru.
             Mangled by a death yak (17 damage)
             ... on level 10 of the Dungeon.
             The game lasted 00:03:25 (8453 turns).

qw the Skirmisher (Gargoyle Hexslinger)             Turns: 8453, Time: 00:03:26

Health: -9/65      AC: 23    Str: 12    XL:     10   Next: 49%
Magic:  13/13      EV: 16    Int: 14    God:    Okawaru [*.....]
Gold:   491        SH:  0    Dex: 16    Spells: 10/11 levels left

rFire   . . .        Y - +0 orcbow
rCold   . . .        (shield currently unavailable)
rNeg    + . .        d - +0 swamp dragon scales
rPois   inf          k - +0 helmet
rElec   +            b - +0 cloak
rCorr   .            (no gloves)
SInv    .            f - +0 pair of boots
Will    .....        (no amulet)
Stlth   +            n - +5 ring of evasion
HPRegen 0.30/turn    c - +4 ring of protection
MPRegen 0.13/turn

%: no passive effects
@: about to teleport
A: sickness immunity, AC +7, negative energy resistance 1, electricity
resistance, torment resistance 1, petrification resistance
a: Renounce Religion, Heroism


You were on level 10 of the Dungeon.
You worshipped Okawaru.
Okawaru was aware of your devotion.
You visited 1 branch of the dungeon, and saw 10 of its levels.

You collected 554 gold pieces.
You spent 63 gold pieces at shops.


Innate Abilities, Weirdness & Mutations

You are immune to sickness and miasma.
Your stone body is resilient. (AC +7)
You are immune to poison.
You resist negative energy. (rN+)
You are resistant to electric shocks. (rElec)
You are resistant to unholy torment.
You are immune to petrification.


   Skills:
 - Level 8.8 Fighting
 + Level 11.0 Ranged Weapons
 - Level 5.0 Armour
 - Level 3.0 Dodging
 - Level 1.0 Spellcasting
 - Level 2.6 Hexes
 - Level 4.0 Invocations


You had 10 spell levels left.
You knew the following spells:

 Your Spells              Type           Power      Damage    Failure   Level
a - Slow                  Hex            32%        N/A       19%         1

Your spell library contained the following spells:

 Spells                   Type           Power      Damage    Failure   Level
 Inner Flame              Hex/Fire       4%         N/A       67%         3
 Portal Projectile        Hex/Tloc       8%         N/A       67%         3
 Cause Fear               Hex            4%         N/A       88%         4

Inventory:

Hand Weapons
 Y - a +0 orcbow (weapon)
Armour
 b - a +0 cloak (worn)
 d - +0 swamp dragon scales (worn)
 f - a +0 pair of boots (worn)
 k - a +0 helmet (worn)
Jewellery
 c - a +4 ring of protection (right hand)
 n - a +5 ring of evasion (left hand)
 o - a ring of ice
Scrolls
 a - a scroll of identify
 l - a scroll of immolation {unknown}
Potions
 g - a potion of might
 h - 2 potions of mutation
 i - a potion of curing
 j - 3 potions of enlightenment
 m - a potion of haste

Dungeon Overview and Level Annotations

Branches:
Dungeon (10/15)            Temple (0/1) D:5
   Lair: D:8-11         Orc: D:9-12

Altars:
Kikubaaqudgha
Makhleb
Okawaru
Qazlal
Sif Muna
Zin
The Shining One

Shops:
D:1 *   D:3 *   D:8 :

Annotations:
D:3 1 runed translucent door, qw's ghost, amateur MiHs


Message History

The quokka bites you but does no damage.
The death yak completely misses you.
The death yak gores you but does no damage.
You shoot an arrow. The arrow hits the death yak.
The death yak is almost dead.
The quokka barely misses you. The death yak gores you. The death yak gores you!
The death yak misses you.
You shoot an arrow.
The arrow hits the death yak but does no damage.
The death yak is almost dead.
The quokka bites you but does no damage.
The death yak gores you but does no damage.
The death yak gores you!
The death yak gores you but does no damage.
The quokka bites you but does no damage.
You shoot an arrow. The arrow barely misses the death yak.
The arrow hits the hell rat.
The hell rat is moderately wounded.
The death yak misses you. The death yak barely misses you.
The death yak gores you. The quokka closely misses you.
You shoot an arrow.
The arrow hits the death yak but does no damage.
The death yak is almost dead.
The death yak closely misses you.
The death yak gores you but does no damage. x2
The quokka misses you.
You shoot an arrow. The arrow hits the death yak!
You kill the death yak!
Okawaru is honoured by your kill.
You can now gain great but temporary skills.
The quokka bites you but does no damage.
The death yak gores you!
The death yak gores you but does no damage.
The quokka barely misses you.
Your Fighting skill increases to level 8!
8453 ||| READING scroll of teleportation.
As you read the scroll of teleportation, it crumbles to dust.
You feel strangely unstable. The quokka misses you.
The death yak barely misses you. The death yak gores you!
You die...

##...........
#.........##
.....
#.........#
.....
#.........#
......
##.........#
....#+
...........#
#......
...........#


rr..... ######.....######Yr..... #..........@rr...). #..........rY......
############r...... ....... ....... ####### You could see 2 death yaks, a hell
rat, 3 quokkas and 3 rats.

Vanquished Creatures
  A death yak (D:10)
  A gargoyle (D:6)
  Maggie (D:7)
  Prince Ribbit (D:7)
  Eustachio (D:4)
  2 steam dragons
  An acid dragon (D:8)
  2 water moccasins
  2 orc warriors
  An ice beast (D:8)
  A black bear (D:5)
  4 centaurs
  2 ogres
  3 kobold brigands
  3 bullfrogs
  A scorpion (D:3)
  12 killer bees
  2 electric eels (D:9)
  A howler monkey (D:7)
  3 hounds
  2 jellies
  2 orc priests (D:6)
  A gnoll bouda (D:6)
  8 iguanas
  2 orc wizards
  2 sleepcaps
  8 adders
  9 gnolls
  2 shadow imps
  2 white imps
  An ufetubus (D:4)
  A worm (D:4)
  12 orcs
  14 ball pythons
  3 bats
  8 endoplasms
  2 giant cockroaches
  10 goblins
  6 hobgoblins
  18 kobolds
  4 quokkas
  A frilled lizard (D:3)
  4 rats
167 creatures vanquished.

Notes
Turn   | Place    | Note
-------+----------+-------------------------------------------
     0 | D:1      | qw the Gargoyle Hexslinger began the quest for the Orb.
     0 | D:1      | Reached XP level 1. HP: 12/12 MP: 2/2
     0 | D:1      | 0 ||| qw: Version: 0.3-a-46-gb1f654a
     0 | D:1      | 0 ||| qw: Game counter: 1854
     0 | D:1      | 0 ||| qw: Melee chars always use a shield: true
     0 | D:1      | 0 ||| qw: God list: Okawaru
     0 | D:1      | 0 ||| qw: Allow faded altars: false
     0 | D:1      | 0 ||| qw: Do Orc after clearing Dungeon:15 true
     0 | D:1      | 0 ||| qw: Do second Lair branch before Depths: true
     0 | D:1      | 0 ||| qw: Lair rune preference: random
     0 | D:1      | 0 ||| qw: Goals: Normal
     0 | D:1      | 0 ||| PLANNING D:1-11
   149 | D:1      | Reached XP level 2. HP: 16/16 MP: 3/3
   343 | D:1      | 343 ||| FLEEEEING.
   349 | D:1      | 349 ||| FLEEEEING.
   350 | D:1      | 350 ||| FLEEEEING.
   351 | D:1      | 351 ||| FLEEEEING.
   358 | D:1      | Reached skill level 3 in Ranged Weapons
   541 | D:1      | Found Oruxkeig's Assorted Antiques.
   552 | D:1      | 552 ||| BUYING fuming blue potion (23 gold).
   552 | D:1      | Bought a fuming blue potion for 23 gold pieces
   552 | D:1      | 552 ||| SHOPLISTING leather armour (52 gold, have 2).
   552 | D:1      | 552 ||| SHOPLISTING ruby potion (23 gold, have 2).
   552 | D:1      | 552 ||| SHOPLISTING scroll labelled GALEDEIRCHU (26 gold,
                  | have 2).
   708 | D:1      | 708 ||| READING 3 scrolls labelled ROACZUMMIKK.
   709 | D:1      | 709 ||| READING scroll labelled PIUSIE UVAREC.
   710 | D:1      | 710 ||| READING scroll labelled EKIUKYF VAUDA.
   711 | D:1      | 711 ||| READING scroll labelled QOSALL WA GEWU.
   712 | D:1      | 712 ||| READING 2 scrolls of identify.
   712 | D:1      | 712 ||| IDENTIFYING fuming blue potion
   713 | D:1      | 713 ||| DROPPING scroll of poison.
   750 | D:2      | Reached XP level 3. HP: 18/21 MP: 4/4
   994 | D:2      | Reached XP level 4. HP: 24/26 MP: 5/5
  1028 | D:2      | 1028 ||| FLEEEEING.
  1029 | D:2      | 1029 ||| FLEEEEING.
  1030 | D:2      | 1030 ||| FLEEEEING.
  1031 | D:2      | 1031 ||| FLEEEEING.
  1232 | D:2      | Reached skill level 4 in Ranged Weapons
  1320 | D:2      | Reached XP level 5. HP: 30/30 MP: 6/6
  1471 | D:2      | 1471 ||| UPGRADING to +0 leather armour.
  1481 | D:2      | 1481 ||| DROPPING +0 robe.
  1482 | D:2      | 1482 ||| UPGRADING to +0 pair of boots.
  1487 | D:2      | 1487 ||| READING scroll labelled LUEKLITO MICI.
  1508 | D:2      | 1508 ||| READING scroll labelled PUCSAMY DOVI.
  1509 | D:2      | 1509 ||| READING scroll labelled FANWOG VALIUC.
  1510 | D:2      | 1510 ||| READING scroll labelled POGION ALOEREN.
  1511 | D:2      | 1511 ||| DRINKING 2 fuming emerald potions.
  1512 | D:2      | 1512 ||| READING 2 scrolls of identify.
  1512 | D:2      | 1512 ||| IDENTIFYING fizzy brown potion
  1513 | D:2      | 1513 ||| DROPPING potion of attraction.
  1528 | D:3      | 1528 ||| STAIRDANCE
  1575 | D:3      | Noticed a water moccasin
  1585 | D:3      | Killed a water moccasin
  1586 | D:3      | Reached skill level 5 in Ranged Weapons
  1586 | D:3      | Reached XP level 6. HP: 32/35 MP: 7/7
  1655 | D:3      | Found an ancient bone altar of Kikubaaqudgha.
  1786 | D:3      | Found Taew's General Store.
  1794 | D:3      | 1794 ||| BUYING +0 ring mail (40 gold).
  1794 | D:3      | Bought a +0 ring mail for 40 gold pieces
  1839 | D:3      | Reached skill level 3 in Fighting
  1948 | D:3      | Found a runed translucent door.
  1948 | D:3      | Noticed qw's ghost (amateur MiHs)
  2298 | D:3      | 2298 ||| UPGRADING to +0 ring mail.
  2308 | D:3      | 2308 ||| DROPPING +0 leather armour.
  2309 | D:3      | 2309 ||| DROPPING amulet of magic regeneration.
  2310 | D:3      | 2310 ||| DRINKING 2 fuming green potions.
  2374 | D:4      | You fall into a shaft and drop 1 floor!
  2374 | D:5      | Entered Level 5 of the Dungeon
  2400 | D:4      | Reached skill level 1 in Armour
  2481 | D:4      | Reached skill level 6 in Ranged Weapons
  2601 | D:4      | 2601 ||| READING scroll of enchant weapon.
  2601 | D:4      | 2601 ||| ENCHANTING +2 sling of freezing.
  2720 | D:4      | Reached XP level 7. HP: 40/43 MP: 8/8
  2754 | D:4      | Noticed Eustachio
  2766 | D:4      | Killed Eustachio
  2823 | D:4      | Reached skill level 7 in Ranged Weapons
  3339 | D:4      | Found an iron altar of Okawaru.
  3339 | D:4      | Found a glowing golden altar of the Shining One.
  3340 | D:4      | 3340 ||| PLANNING OKAWARU WORSHIP
  3340 | D:4      | 3340 ||| UPGRADING to +0 cloak.
  3345 | D:4      | 3345 ||| READING scroll labelled NIULIAJ KAOTY.
  3352 | D:4      | Became a worshipper of Warmaster Okawaru
  3353 | D:4      | 3353 ||| PLANNING D:1-11
  3461 | D:5      | Found a staircase to the Ecumenical Temple.
  3538 | D:5      | 3538 ||| FLEEEEING.
  3544 | D:5      | 3544 ||| FLEEEEING.
  3545 | D:5      | 3545 ||| STAIRDANCE
  3575 | D:5      | 3575 ||| STAIRDANCE
  3580 | D:4      | Reached XP level 8. HP: 44/48 MP: 9/9
  3627 | D:5      | 3627 ||| SWAPPING to +0 orcbow.
  3628 | D:5      | 3628 ||| DROPPING +3 sling of freezing.
  3820 | D:5      | Reached skill level 8 in Ranged Weapons
  3828 | D:5      | Reached * piety under Okawaru
  3984 | D:5      | Found a glowing silver altar of Zin.
  4074 | D:5      | 4074 ||| INVOKING Heroism.
  4085 | D:5      | 4085 ||| INVOKING Heroism.
  4271 | D:5      | 4271 ||| UPGRADING to +5 ring of evasion.
  4272 | D:5      | 4272 ||| DRINKING 2 bubbling silvery potions.
  4273 | D:5      | 4273 ||| DROPPING potion of invisibility.
  4369 | D:6      | 4369 ||| INVOKING Heroism.
  4555 | D:6      | Reached skill level 9 in Ranged Weapons
  4640 | D:6      | 4640 ||| Stepping ~*~*~tactically~*~*~ (outnumbered).
  4645 | D:6      | 4645 ||| INVOKING Heroism.
  4660 | D:6      | 4660 ||| INVOKING Heroism.
  4663 | D:6      | Reached skill level 1 in Invocations
  4673 | D:6      | 4673 ||| INVOKING Heroism.
  4698 | D:6      | HP: 8/50 [orc warrior/arrow (10)]
  4699 | D:6      | 4699 ||| DRINKING potion of heal wounds.
  4705 | D:6      | Reached skill level 6 in Fighting
  4705 | D:6      | Reached XP level 9. HP: 18/55 MP: 10/10
  4705 | D:6      | 4705 ||| INVOKING Heroism.
  4705 | D:6      | HP: 7/55 [orc priest/divine providence (11)]
  4707 | D:6      | 4707 ||| FLEEEEING.
  4708 | D:6      | 4708 ||| FLEEEEING.
  4709 | D:6      | 4709 ||| FLEEEEING.
  4710 | D:6      | 4710 ||| FLEEEEING.
  4711 | D:6      | 4711 ||| FLEEEEING.
  4712 | D:6      | 4712 ||| FLEEEEING.
  4713 | D:6      | 4713 ||| FLEEEEING.
  4714 | D:6      | 4714 ||| FLEEEEING.
  4715 | D:6      | 4715 ||| FLEEEEING.
  4716 | D:6      | 4716 ||| FLEEEEING.
  4717 | D:6      | 4717 ||| FLEEEEING.
  4718 | D:6      | 4718 ||| FLEEEEING.
  4719 | D:6      | 4719 ||| FLEEEEING.
  4720 | D:6      | 4720 ||| FLEEEEING.
  4721 | D:6      | 4721 ||| FLEEEEING.
  4722 | D:6      | 4722 ||| FLEEEEING.
  4723 | D:6      | 4723 ||| FLEEEEING.
  4724 | D:6      | 4724 ||| FLEEEEING.
  4725 | D:6      | 4725 ||| FLEEEEING.
  4726 | D:6      | 4726 ||| FLEEEEING.
  4727 | D:6      | 4727 ||| FLEEEEING.
  4728 | D:6      | 4728 ||| FLEEEEING.
  4729 | D:6      | 4729 ||| FLEEEEING.
  4731 | D:6      | 4731 ||| FLEEEEING.
  4732 | D:6      | 4732 ||| FLEEEEING.
  4733 | D:6      | 4733 ||| FLEEEEING.
  4734 | D:6      | 4734 ||| FLEEEEING.
  4735 | D:6      | 4735 ||| FLEEEEING.
  4736 | D:6      | 4736 ||| FLEEEEING.
  4737 | D:6      | 4737 ||| FLEEEEING.
  4738 | D:6      | 4738 ||| FLEEEEING.
  4739 | D:6      | 4739 ||| FLEEEEING.
  4740 | D:6      | 4740 ||| FLEEEEING.
  4741 | D:6      | 4741 ||| FLEEEEING.
  4742 | D:6      | 4742 ||| FLEEEEING.
  4743 | D:6      | 4743 ||| FLEEEEING.
  4744 | D:6      | 4744 ||| FLEEEEING.
  4745 | D:6      | 4745 ||| FLEEEEING.
  4746 | D:6      | 4746 ||| FLEEEEING.
  4747 | D:6      | 4747 ||| FLEEEEING.
  4748 | D:6      | 4748 ||| FLEEEEING.
  4749 | D:6      | 4749 ||| FLEEEEING.
  4750 | D:6      | 4750 ||| FLEEEEING.
  4752 | D:6      | 4752 ||| FLEEEEING.
  4753 | D:6      | 4753 ||| FLEEEEING.
  4754 | D:6      | 4754 ||| STAIRDANCE
  4869 | D:5      | 4869 ||| READING 3 scrolls of identify.
  4869 | D:5      | 4869 ||| IDENTIFYING sapphire potion
  4870 | D:5      | 4870 ||| READING 2 scrolls of identify.
  4870 | D:5      | 4870 ||| IDENTIFYING clear potion
  4871 | D:5      | 4871 ||| DROPPING potion of brilliance.
  4887 | D:6      | Noticed a gargoyle
  4898 | D:6      | Killed a gargoyle
  5017 | D:6      | 5017 ||| INVOKING Heroism.
  5019 | D:6      | Reached skill level 10 in Ranged Weapons
  5138 | D:6      | 5138 ||| INVOKING Heroism.
  5147 | D:6      | Reached skill level 3 in Armour
  5402 | D:6      | 5402 ||| READING scroll labelled REAFFUIRUN.
  5403 | D:6      | 5403 ||| READING 4 scrolls of identify.
  5403 | D:6      | 5403 ||| IDENTIFYING smoky inky potion
  5404 | D:6      | 5404 ||| READING 3 scrolls of identify.
  5404 | D:6      | 5404 ||| IDENTIFYING ruby potion
  5405 | D:6      | 5405 ||| READING 2 scrolls of identify.
  5405 | D:6      | 5405 ||| IDENTIFYING sedimented ruby potion
  5406 | D:6      | 5406 ||| DROPPING potion of degeneration.
  5407 | D:6      | 5407 ||| DROPPING potion of lignification.
  5434 | D:7      | 5434 ||| INVOKING Heroism.
  5559 | D:7      | Noticed Maggie
  5565 | D:7      | 5565 ||| FLEEEEING.
  5566 | D:7      | 5566 ||| FLEEEEING.
  5572 | D:7      | 5572 ||| FLEEEEING.
  5572 | D:7      | Paralysed by Maggie for 4 turns
  5576 | D:7      | 5576 ||| INVOKING Heroism.
  5586 | D:7      | Killed Maggie
  5587 | D:7      | Reached skill level 3 in Invocations
  5826 | D:7      | Found a flagged portal.
  5827 | D:7      | 5827 ||| Stepping ~*~*~tactically~*~*~ (outnumbered).
  5829 | D:7      | 5829 ||| Stepping ~*~*~tactically~*~*~ (outnumbered).
  5856 | D:7      | 5856 ||| INVOKING Heroism.
  6250 | D:7      | Noticed Prince Ribbit
  6251 | D:7      | 6251 ||| INVOKING Heroism.
  6262 | D:7      | Killed Prince Ribbit
  6540 | D:7      | 6540 ||| UPGRADING to +0 swamp dragon scales.
  6550 | D:7      | 6550 ||| DROPPING +0 ring mail.
  6551 | D:7      | 6551 ||| READING 2 scrolls of identify.
  6551 | D:7      | 6551 ||| IDENTIFYING orange potion
  6596 | D:8      | 6596 ||| STAIRDANCE
  6668 | D:8      | 6668 ||| INVOKING Heroism.
  6694 | D:8      | 6694 ||| DRINKING 2 potions of curing.
  6694 | D:8      | 6694 ||| (to cure confusion)
  6802 | D:8      | 6802 ||| INVOKING Heroism.
  6810 | D:8      | Reached XP level 10. HP: 61/63 MP: 10/13
  6961 | D:8      | Found Beharar's Book Shop.
  7095 | D:8      | 7095 ||| INVOKING Heroism.
  7100 | D:8      | Reached skill level 11 in Ranged Weapons
  7423 | D:8      | 7423 ||| UPGRADING to +0 helmet.
  7428 | D:8      | 7428 ||| READING scroll labelled ONLO BIAMIALI.
  7429 | D:8      | 7429 ||| READING 2 scrolls labelled ZUOHUP FORIAL.
  7442 | D:9      | Found a shimmering blue altar of Sif Muna.
  7443 | D:9      | 7443 ||| INVOKING Heroism.
  7771 | D:9      | 7771 ||| INVOKING Heroism.
  7777 | D:9      | Reached skill level 3 in Dodging
  8159 | D:9      | Found a stormy altar of Qazlal.
  8168 | D:9      | Found a burning altar of Makhleb.
  8243 | D:9      | 8243 ||| UPGRADING to +4 ring of protection.
  8249 | D:10     | Entered Level 10 of the Dungeon
  8278 | D:10     | 8278 ||| INVOKING Heroism.
  8312 | D:10     | 8312 ||| INVOKING Heroism.
  8426 | D:10     | Noticed a death yak
  8435 | D:10     | Noticed a death yak
  8435 | D:10     | Noticed a death yak
  8452 | D:10     | Killed a death yak
  8452 | D:10     | HP: 7/64 [death yak (14)]
  8453 | D:10     | 8453 ||| READING scroll of teleportation.
  8453 | D:10     | Mangled by a death yak

Levels and vault maps discovered:
D:1:      ncdulo_smallfort, layout_loops_ring, serial_shops, shop
D:2:      layout_basic, dk_vineyard_3
D:3:      layout_basic, mainiacjoe_overflow_small_starburst, serial_shops,
          nicolae_shop_crystal, gammafunk_ghost_grave, minmay_misc_feat_roman,
          hangedman_abyss_or_decor_lesser_grid, grunt_ministairs_9
D:4:      cheibrodos_thug_alley, layout_loops_ring,
          amethyst_overflow_temple_binary, uniq_eustachio
D:5:      layout_loops_ring, zin_statuary, minmay_temple_entry_wispy
D:6:      layout_loops_ring
D:7:      layout_basic, enter_bailey_5, uniq_prince_ribbit1, uniq_maggie
D:8:      layout_loops_ring, serial_shops, nicolae_shop_getting_attention
D:9:      layout_basic, nicolae_sif_muna_condensation, mainiacjoe_overflow_swirl
D:10:     layout_irregular_city, fiery_altar_vehumet, dpeg_lair_monsters

Skill      XL: |  1  2  3  4  5  6  7  8  9 10 |
---------------+-------------------------------+-----
Ranged Weapons | 3 4 5 6 7 9 10 11 | 11.0
Fighting       | 2 4 6 7 8 |  8.8
Armour         | 1 2 4 5 |  5.0
Dodging        | 2 3 |  3.0
Invocations    | 1 4 |  4.0
Spellcasting   | |  1.0
Hexes          | |  2.6

Action                     |  1- 3 |  4- 6 |  7- 9 | 10-12 || total
---------------------------+-------+-------+-------+-------++-------
   Fire: Sling             |   100 |   137 |    75 |       ||   312
         Orcbow            |       |       |   301 |   178 ||   479
 Invoke: Heroism           |       |       |    15 |     5 ||    20
    Use: Scroll            |     5 |     6 |     8 |     3 ||    22
         Potion            |       |     2 |     3 |       ||     5
 Armour: Robe              |    27 |     4 |       |       ||    31
         Leather armour    |       |    16 |       |       ||    16
         Ring mail         |       |    20 |    82 |       ||   102
         Swamp dragon scal |       |       |    22 |    97 ||   119
  Dodge: Dodged            |    52 |    37 |   180 |   222 ||   491

Table legend:
 A = Non-vault XP
 B = Vault XP
 C = Vault XP percentage of total XP
 D = Non-vault monster count
 E = Vault monster count
 F = Vault count percentage of total count
                 A         B        C        D         E       F
            +---------+---------+-------+---------+---------+-------
      Total |    5093 |    1808 |  26.2 |     148 |      19 |  11.4
            +---------+---------+-------+---------+---------+-------
        D:1 |      31 |       0 |   0.0 |      18 |       0 |   0.0
        D:2 |     150 |       0 |   0.0 |      24 |       0 |   0.0
        D:3 |     252 |      15 |   5.6 |      12 |       2 |  14.3
        D:4 |     354 |     295 |  45.5 |      22 |      10 |  31.2
        D:5 |     557 |       0 |   0.0 |      10 |       0 |   0.0
        D:6 |    1416 |       0 |   0.0 |      27 |       0 |   0.0
        D:7 |     395 |     699 |  63.9 |       5 |       6 |  54.5
        D:8 |     953 |       0 |   0.0 |      16 |       0 |   0.0
        D:9 |     569 |       0 |   0.0 |       8 |       0 |   0.0
       D:10 |     416 |     799 |  65.8 |       6 |       1 |  14.3
            +---------+---------+-------+---------+---------+-------
